AoeStats
← albaevaarina0

Glade

510291172Analyzed
1v1 RM · 2d ago on Sep 30, 2026· 21m 56s· 2 players
Game mode
Random Map
Map size
Tiny (2 player)
Population
200
Speed
Normal
Resources
Standard
Victory
Conquest
Starting age
Dark Age
Ending age
Imperial Age
RankedLock teamsTeams togetherTeam positionsShared explorationLock speedFull tech treeHidden civsTurbo modeCheats
Victory
Defeat
🇵🇪 Muisca · Peru
1097
+16
🇰🇿 Khmer · Kazakhstan
1092
-16
albaevaarina0
10:59 Feudal Age
9:15 Loom
15:31 Castle Age
15:01 Double-Bit Axe
15:28 Stone Mining
16:02 Horse Collar
17:20 Gold Mining
Padrino
6:44 Loom
9:14 Feudal Age
11:23 Double-Bit Axe
11:11 Champi Runner
12:53 Gold Mining
19:41 Castle Age
20:06 Crossbowman
21:01 Fletching
21:13 Padded Archer Armor
21:17 Squires
21:36 Bow Saw
Connection lost

Rejoining the realm…

Still unreachable

The connection could not be restored.

Session expired

The server has moved on; the page needs a fresh start.